 Dungeon Crawl Stone Soup version 0.29.1-2-gbd0b4ee654 (webtiles) character file.

Game seed: 8787182083648897499

39554 Lutefisk the Fighter (level 13, -3/146 HPs)
             Began as a White Draconian Transmuter on Oct 28, 2022.
             Was a Follower of Ashenzari.
             Killed from afar by a smoke demon (14 damage)
             ... with a ball of steam
             ... on level 5 of the Lair of Beasts.
             The game lasted 01:35:51 (14578 turns).

Lutefisk the Fighter (White Draconian Transmuter)  Turns: 14578, Time: 01:35:52

Health: -3/146     AC:  7    Str: 12    XL:     13   Next: 69%
Magic:  0/19       EV: 17    Int: 15    God:    Ashenzari [*.....]
Gold:   829        SH:  0    Dex: 16    Spells: 10/20 levels left

rFire   . . .      SeeInvis .     - Unarmed
rCold   + + +      Faith    .   (shield currently unavailable)
rNeg    . . .      Spirit   +   (body armour unavailable)
rPois   +          Reflect  .   (helmet currently unavailable)
rElec   .          Harm     .   (cloak currently unavailable)
rCorr   .          Rampage  .   (gloves currently unavailable)
Will    .....                   (boots currently unavailable)
Stlth   +++.......              P - amulet of guardian spirit
HPRegen 0.34/turn               t - ring of the Shattered Seer {rC+, Range, Cun} (curse)
MPRegen 0.16/turn               l - ring of protection from fire

@: ice-form
A: freezing attack, amphibious, boosted hp, (breathe frost), AC +8, large,
unfitting armour, (cold resistance 1), (cold-blooded)
a: End Transformation, Renounce Religion, Shatter the Chains


You were on level 5 of the Lair of Beasts.
You worshipped Ashenzari.
Ashenzari was aware of your devotion.
You were a creature of crystalline ice.
You visited 3 branches of the dungeon, and saw 15 of its levels.
You also visited: Bailey and Gauntlet.

You collected 829 gold pieces.

Inventory:

Hand Weapons
 f - the +5 flail of the Equator {drain, +Blink rF- MP+9 Str+6}
   (You took it off a minotaur in a Gauntlet)

   A truly terrible weapon, it drains the life of any living foe it strikes.
   Str:       It affects your strength (+6).
   rF:        It makes you vulnerable to fire.
   MP:        It affects your magic capacity (+9).
   +Blink:    It lets you blink.
 o - a +4 morningstar
 y - the +8 longbow "Darampauqo" {freeze, Drain Will++ Str+3}
   (You found it in a Gauntlet)

   Any ammunition fired from it freezes those it strikes, dealing additional
   cold damage.
   It can also slow down cold-blooded creatures.
   Str:       It affects your strength (+3).
   Drain:     It drains your maximum health when unequipped.
   Will:      It greatly increases your willpower.
 F - a +3 flail of holy wrath
 T - the +6 shortbow "Jusuf" (melded) {venom, +Blink}
   (You found it in a Gauntlet)

   Any ammunition fired from it poisons the flesh of those it strikes.
   +Blink:    It lets you blink.
Missiles
 k - 10 poisoned darts (quivered)
 p - a throwing net
 Q - 4 curare-tipped darts
Armour
 w - a scarf of harm
 K - the cursed +1 Delatra's gloves (melded) {ID++, Comp, Alch}
   (You found it in a bailey)

   It heals its wearer when they drink unknown potions.
   It restores its wearer's MP when they read unknown scrolls.
   It has a curse which improves the following skills: Companions: Summonings
   and Necromancy.
   Alchemy:   Poison Magic and Transmutations.
 L - a +1 helmet of see invisible
 S - the +2 pair of boots of Guqenaira (melded) {Harm}
   (You found it in a Gauntlet)

   Harm:      It increases damage dealt and taken.
Jewellery
 l - a ring of protection from fire (right front paw)
 t - the cursed ring of the Shattered Seer (left front paw) {rC+, Range, Cun}
   (You found it on level 5 of the Dungeon)

   [ring of protection from cold]

   rC:        It protects you from cold.
   It has a curse which improves the following skills: Ranged Combat: Ranged
   Weapons and Throwing.
   Cunning:   Dodging and Stealth.
 G - the ring of Descent {rF+++ rN+ rCorr Str+4 Dex-5}
   (You found it on level 5 of the Lair of Beasts)

   [ring of positive energy]

   Str:       It affects your strength (+4).
   Dex:       It affects your dexterity (-5).
   rF:        It renders you almost immune to fire.
   rN:        It protects you from negative energy.
   rCorr:     It protects you from acid and corrosion.
 O - a +6 ring of dexterity
 P - an amulet of guardian spirit (around neck)
 R - an amulet of guardian spirit
 U - a +4 ring of evasion
Wands
 A - a wand of mindburst (9)
 B - a wand of charming (6)
 E - a wand of flame (24)
 I - a wand of polymorph (1)
 N - a wand of roots (14)
Scrolls
 c - 7 scrolls of immolation
 d - 11 scrolls of identify
 g - a scroll of magic mapping
 i - 4 scrolls of enchant armour
 j - a scroll of butterflies
 m - 2 scrolls of enchant weapon
 n - 2 scrolls of poison
 r - 6 scrolls of vulnerability
 v - 2 scrolls of silence
 x - a scroll of amnesia
Potions
 a - 5 potions of lignification
 b - 2 potions of attraction
 e - 3 potions of resistance
 h - a potion of flight
 q - 3 potions of curing
 s - a potion of haste
 z - 6 potions of mutation
 C - a potion of cancellation
 D - a potion of magic
 H - a potion of invisibility
 J - 3 potions of brilliance
Miscellaneous
 M - a condenser vane


   Skills:
 - Level 13.3 Fighting
 * Level 12.7(13.5) Dodging
 - Level 4.4(5.3) Stealth
 - Level 10.0 Unarmed Combat
 - Level 4.0 Spellcasting
 - Level 11.3 Transmutations
 - Level 2.0 Ice Magic
 - Level 4.0 Evocations


You had 10 spell levels left.
You knew the following spells:

 Your Spells              Type           Power      Damage    Failure   Level
a - Beastly Appendage     Tmut           74%        N/A       1%          1
b - Wereblood             Tmut           37%        N/A       1%          2
c - Spider Form           Tmut/Pois      20%        N/A       5%          3
d - Ice Form              Ice/Tmut       23%        N/A       12%         4

Your spell library contained the following spells:

 Spells                   Type           Power      Damage    Failure   Level
 Sting                    Tmut/Pois      80%        1d7       1%          1
 Passwall                 Tmut/Erth      16%        N/A       2%          2
 Freeze                   Ice            36%        1d6       8%          1
 Petrify                  Tmut/Erth      20%        N/A       17%         4
 Magic Dart               Conj           12%        1d3       19%         1
 Shock                    Conj/Air       12%        1d3       19%         1
 Slow                     Hex            12%        N/A       19%         1
 Frozen Ramparts          Ice            18%        1d3       24%         3
 Call Imp                 Summ           3%         N/A       26%         2
 Poisonous Vapours        Pois/Air       6%         N/A       26%         2
 Sublimation of Blood     Necr           3%         N/A       26%         2
 Alistair's Intoxication  Tmut/Pois      13%        N/A       43%         5
 Irradiate                Conj/Tmut      10%        3d15      43%         5
 Call Canine Familiar     Summ           3%         N/A       47%         3
 Confusing Touch          Hex            3%         N/A       47%         3
 Mephitic Cloud           Conj/Pois/Air  3%         N/A       47%         3
 Portal Projectile        Hex/Tloc       6%         N/A       47%         3
 Swiftness                Air            3%         N/A       47%         3
 Vampiric Draining        Necr           3%         2d6       47%         3
 Hailstorm                Conj/Ice       6%         3d4       75%         4
 Airstrike                Air            1%         2d(1-17)  87%         4
 Corpse Rot               Necr/Pois/Air  3%         N/A       87%         4
 Dispel Undead            Necr           3%         3d7       87%         4
 Leda's Liquefaction      Hex/Erth       1%         N/A       87%         4
 Olgreb's Toxic Radiance  Pois           3%         N/A       87%         4
 Summon Lightning Spire   Summ/Air       3%         N/A       87%         4
 Eringya's Noxious Bog    Tmut/Pois      10%        N/A       95%         6
 Freezing Cloud           Conj/Ice/Air   2%         6-21      98%         5
 Borgnjor's Vile Clutch   Necr/Erth      1%         N/A       99%         5
 Summon Forest            Summ/Tloc      1%         N/A       99%         5
 Summon Mana Viper        Hex/Summ       3%         N/A       99%         5
 Death Channel            Necr           1%         N/A       100%        6
 Simulacrum               Ice/Necr       3%         N/A       100%        6
 Summon Cactus Giant      Summ           1%         N/A       100%        6
 Storm Form               Tmut/Air       10%        N/A       100%        7
 Maxwell's Capacitive Co  Air            1%         ∞         100%        8
 Necromutation            Tmut/Necr      10%        N/A       100%        8
 Polar Vortex             Ice            4%         N/A       100%        9


Dungeon Overview and Level Annotations

Branches:
Dungeon (9/15)             Temple (1/1) D:4            Lair (5/5) D:8
  Swamp (0/4) Lair:2       Spider (0/4) Lair:3        Slime (0/5) Lair:4
    Orc (0/2) D:9          Bailey (visited)         Gauntlet (visited)

Altars:
Ashenzari
Cheibriados
Elyvilon
Fedhas
Gozag
Hepliaklqana
Kikubaaqudgha
Makhleb
Nemelex Xobeh
Okawaru
Qazlal
Ru
Sif Muna
Trog
Uskayaw
Vehumet
Wu Jian
Xom
Yredelemnul
Zin
The Shining One
Jiyva

Annotations:
D:8 1 runed translucent door
Lair:4 1 runed translucent door, whiskeysaurus's ghost, journeyman MiFi


Innate Abilities, Weirdness & Mutations

You are a creature of crystalline ice.
You have a powerful freezing melee attack.
You are amphibious.
Your maximum health is increased.
Your armour is entirely melded.
You are incapable of wielding weapons or throwing items.
((You can breathe waves of freezing cold which knock back foes.))
((Your icy white scales are hard. (AC +8)))
You cannot fit into any form of body armour.
((Your flesh is cold resistant. (rC+)))
((You are cold-blooded and may be slowed by cold attacks.))


Message History

The small abomination is heavily damaged.
The small abomination closely misses you.
The small abomination hits you!
You pummel the small abomination!! You freeze the small abomination.
You destroy the small abomination!
You hit the small abomination. You freeze the small abomination.
The small abomination is moderately damaged.
The small abomination hits you!
You hit the small abomination. You freeze the small abomination.
The small abomination is heavily damaged.
The smoke demon gestures at you. Something smites you!
You hit the small abomination but do no damage.
The small abomination is heavily damaged.
The small abomination completely misses you.
The smoke demon gestures at you. Something smites you!
* * * LOW HITPOINT WARNING * * *
As you read the scroll of summoning, it crumbles to dust.
Wisps of shadow whirl around you... The smoke demon gestures at you.
The ball of steam hits the small abomination!!
The small abomination is destroyed!
The ball of steam hits you!
* * * LOW HITPOINT WARNING * * *
The ball of steam misses your yak.
You swap places.
The smoke demon gestures at you. The ball of steam hits your yak!
The ball of steam hits you!
* * * LOW HITPOINT WARNING * * *
The ball of steam hits your yak!!
Your yak is engulfed in a cloud of scalding steam. x2
Your yak gores the smoke demon.
Your yak is engulfed in a cloud of scalding steam.
You swap places.
You are engulfed in a cloud of scalding steam.
* * * LOW HITPOINT WARNING * * *
The smoke demon gestures at you.
The ball of steam hits your yak! x2; The ball of steam hits you!
You die...

♣♣**♣♣♣♣♣♣♣ *♣♣♣
♣♣♣♣..♣♣YYY..♣♣♣♣ #..♣
**♣....33YY♣♣.....♣♣♣ ...♣
*,.....F♣♣♣♣♣♣......♣♣♣ ...♣
**♣♣♣..***** ♣♣♣......♣♣ ...♣♣
♣♣,,**,****♣.......♣♣♣ ....♣♣♣
**,,,,,,,*♣...♣♣......♣♣♣
......♣**,,****,,....♣♣♣♣♣♣....♣♣
.....♣♣*,,** **♣.♣♣♣*****♣♣♣....
......♣*,*** ♣** ***∩,***♣♣♣.†


You could see 4 friendly yaks.

Vanquished Creatures
  A minotaur (Gauntlet)
  2 hydras
  A centaur warrior (D:9)
  A catoblepas (Lair:4)
  A boulder beetle (Lair:1)
  Sonja (Lair:4)
  4 black mambas
  7 elephants
  12 cane toads
  An ice statue (Gauntlet)
  A smoke demon (Lair:5)
  9 komodo dragons
  An efreet (Gauntlet)
  3 rime drakes
  A polar bear (Lair:5)
  An ancient zyme (Lair:5)
  26 blink frogs
  5 dream sheep
  A ynoxinul (Lair:5)
  2 shadows (D:9)
  6 wyverns
  A vampire (Bailey)
  32 yaks
  6 basilisks
  A chaos spawn (Lair:5)
  2 fire elementals (Gauntlet)
  A steam dragon (Lair:1)
  A large abomination (Lair:5)
  5 vampire mosquitoes (Lair:2)
  4 swamp worms (Gauntlet)
  12 water moccasins
  A hell hound (Gauntlet)
  A sky beast (D:7)
  A black bear (Lair:3)
  4 orc warriors (D:7)
  2 ice beasts
  3 ogres
  4 centaurs
  14 wolves
  2 phantoms (D:6)
  8 bullfrogs
  7 scorpions
  14 small abominations (Lair:5)
  7 wights
  A killer bee (D:9)
  9 vampire bats (Bailey)
  A howler monkey (D:7)
  An electric eel (Lair:2)
  7 wolf zombies (Bailey)
  A jelly (D:7)
  2 gnoll boudas
  4 orc priests
  11 iguanas
  10 orc wizards
  7 hell rats (Lair:3)
  15 gnolls
  2 adders
  2 white imps
  A worm (Lair:3)
  2 dart slugs
  14 orcs
  5 ball pythons
  8 endoplasms
  4 giant cockroaches
  8 goblins
  9 hobgoblins
  5 jackals
  3 quokkas
  7 bats
  16 frilled lizards
  10 kobolds
  16 orc zombies (Bailey)
  7 rats
408 creatures vanquished.

Vanquished Creatures (collateral kills)
  A gargoyle (Bailey)
  A shadow (D:9)
  A wolf (Lair:1)
3 creatures vanquished.

Vanquished Creatures (others)
  A small abomination (Lair:5)
  14 demonic plants (Gauntlet)
  A fire vortex (Lair:3)
  14 fungi
  69 plants
99 creatures vanquished.

Grand Total: 510 creatures vanquished

Notes
Turn   | Place    | Note
-------+----------+-------------------------------------------
     0 | D:1      | Lutefisk the Draconian Transmuter began the quest for the
                  | Orb.
     0 | D:1      | Reached XP level 1. HP: 16/16 MP: 3/3
   258 | D:1      | Reached XP level 2. HP: 22/23 MP: 5/5
   407 | D:1      | Reached skill level 2 in Fighting
   554 | D:2      | Reached XP level 3. HP: 21/29 MP: 6/6
   613 | D:2      | Learned a level 2 spell: Wereblood
   775 | D:2      | Found a radiant altar of Vehumet.
  1108 | D:3      | Reached XP level 4. HP: 29/37 MP: 3/7
  1119 | D:3      | Found a faded altar of an unknown god.
  1127 | D:3      | Learned a level 3 spell: Spider Form
  1164 | D:3      | Reached skill level 3 in Fighting
  1554 | D:4      | Reached XP level 5. HP: 24/45 MP: 8/8
  1831 | D:4      | Found a staircase to the Ecumenical Temple.
  1840 | Temple   | Entered the Ecumenical Temple
  1933 | Temple   | Became a worshipper of Ashenzari the Shackled
  1981 | D:4      | Noticed an ogre
  1986 | D:5      | Entered Level 5 of the Dungeon
  2013 | D:5      | Noticed an ogre
  2023 | D:5      | Killed an ogre
  2024 | D:5      | Reached skill level 4 in Fighting
  2306 | D:5      | Reached XP level 6. HP: 52/52 MP: 7/9
  3100 | D:6      | Reached skill level 5 in Transmutations
  3100 | D:6      | Your scales start taking on an icy white colour.
  3100 | D:6      | Reached XP level 7. HP: 32/59 MP: 9/11
  3100 | D:6      | Gained mutation: Your flesh is cold resistant. (rC+) [White
                  | Draconian growth]
  3131 | D:6      | Found a glowing silver altar of Zin.
  3143 | D:6      | Reached * piety under Ashenzari
  3143 | D:6      | Identified a scroll of acquirement
  3161 | D:6      | Reached skill level 10 in Fighting
  3161 | D:6      | Reached XP level 8. HP: 60/81 MP: 12/12
  4115 | D:7      | Reached XP level 9. HP: 86/86 MP: 9/13
  4133 | D:7      | Identified the cursed +4 dagger "At What Cost Knowledge?"
                  | {Alch, Bglg} (You took it off a goblin on level 1 of the
                  | Dungeon)
  4313 | D:7      | Learned a level 4 spell: Ice Form
  4347 | D:7      | Reached skill level 1 in Ice Magic
  4471 | D:7      | Reached ** piety under Ashenzari
  5149 | D:8      | Found a flagged portal.
  5158 | Bailey   | Entered a bailey
  5715 | Bailey   | Reached skill level 5 in Unarmed Combat
  5857 | Bailey   | Noticed a gargoyle
  5880 | Bailey   | Killed a gargoyle
  5881 | Bailey   | Reached skill level 1 in Evocations
  5901 | Bailey   | Identified the +5 leather armour of Melancholy {rElec rC++
                  | Int-5 Dex+4}
  5928 | Bailey   | Reached XP level 10. HP: 50/94 MP: 14/16
  5931 | Bailey   | Identified the +3 leather armour of Ineeliry {Fly rElec
                  | Int+4 Dex-4}
  5933 | Bailey   | Found the +1 Delatra's gloves {ID++}
  6184 | D:8      | Reached *** piety under Ashenzari
  6191 | D:8      | Found a runed translucent door.
  6193 | D:8      | Noticed a sixfirhy
  6337 | D:8      | Found a staircase to the Lair.
  6948 | D:9      | Found a staircase to the Orcish Mines.
  7138 | D:9      | Noticed a two-headed ogre
  7243 | D:9      | Noticed a centaur warrior
  7257 | D:9      | Killed a centaur warrior
  7579 | D:9      | Noticed a boulder beetle
  7608 | Lair:1   | Entered Level 1 of the Lair of Beasts
  7650 | Lair:1   | Found a white marble altar of Elyvilon.
  7714 | Lair:1   | Noticed a boulder beetle
  7732 | Lair:1   | Killed a boulder beetle
  7755 | Lair:1   | Noticed a cane toad
  7763 | Lair:1   | Killed a cane toad
  7764 | Lair:1   | Reached XP level 11. HP: 48/101 MP: 9/17
  8369 | Lair:2   | Found a staircase to the Swamp.
  8392 | Lair:2   | Reached skill level 10 in Unarmed Combat
  8522 | Lair:2   | Reached skill level 11 in Fighting
  9346 | Lair:3   | Found a hole to the Spider Nest.
  9377 | Lair:3   | Identified the cursed +2 whip "Manifest Chagrin" {drain,
                  | Cun, Self} (You took it off a gnoll on level 7 of the
                  | Dungeon)
  9767 | Lair:3   | Reached skill level 12 in Fighting
  9767 | Lair:3   | Reached XP level 12. HP: 112/112 MP: 14/18
  9832 | Lair:3   | Reached skill level 1 in Stealth
 10484 | Lair:4   | Noticed whiskeysaurus's ghost (journeyman MiFi)
 10484 | Lair:4   | Found a runed translucent door.
 10592 | Lair:4   | Noticed Sonja
 10872 | Lair:4   | Reached skill level 10 in Transmutations
 10887 | Lair:4   | Noticed a four-headed hydra
 10900 | Lair:4   | Killed a four-headed hydra
 11045 | Lair:4   | Killed Sonja
 11084 | Lair:4   | Reached skill level 13 in Fighting
 11219 | Lair:4   | Found a viscous altar of Jiyva.
 11219 | Lair:4   | Found a staircase to the Slime Pits.
 11277 | Lair:5   | Entered Level 5 of the Lair of Beasts
 11277 | Lair:5   | Noticed a catoblepas
 11277 | Lair:5   | Identified the +1 ring mail of Tudengogh {rF+ rC+}
 11304 | Lair:4   | Killed a catoblepas
 11305 | Lair:4   | Reached skill level 10 in Dodging
 11458 | Lair:5   | Reached XP level 13. HP: 64/122 MP: 13/19
 11647 | Lair:5   | Found a gate leading to a gauntlet.
 11656 | Gauntlet | Entered a Gauntlet
 11656 | Gauntlet | Found a transporter.
 11656 | Gauntlet | Found a transporter.
 11683 | Gauntlet | Found a transporter.
 11881 | Gauntlet | Found a transporter.
 11895 | Gauntlet | Found a transporter.
 11908 | Gauntlet | Found a transporter.
 12003 | Gauntlet | Found a transporter.
 12012 | Gauntlet | Found a transporter.
 12026 | Gauntlet | Found a transporter.
 12026 | Gauntlet | Noticed an entropy weaver
 12026 | Gauntlet | Identified the ring "Ruanol" {rC+ MP+9 Stlth+}
 12039 | Gauntlet | Found a transporter.
 12055 | Gauntlet | Found a transporter.
 12129 | Gauntlet | Found a transporter.
 12129 | Gauntlet | Found a transporter.
 12139 | Gauntlet | Identified the +8 longbow "Darampauqo" {freeze, Drain
                  | Will++ Str+3}
 12143 | Gauntlet | Found a transporter.
 12148 | Gauntlet | Identified the +2 pair of boots of Guqenaira {Harm}
 12149 | Gauntlet | Found a transporter.
 12163 | Gauntlet | Found a transporter.
 12433 | Gauntlet | Acquired a ring of protection from fire
 13102 | Gauntlet | Identified the +5 flail of the Equator {drain, +Blink rF-
                  | MP+9 Str+6}
 13102 | Gauntlet | Identified the +3 ring mail of the Serpent {rCorr Int+2}
 13102 | Gauntlet | Noticed a minotaur
 13143 | Gauntlet | Killed a minotaur
 13415 | Gauntlet | Identified the +1 ring mail "Wunus" {Harm rPois rF- Dex+6}
 13415 | Gauntlet | Identified the +6 shortbow "Jusuf" {venom, +Blink}
 13415 | Gauntlet | Identified Daygedey's Catalogue of Evil Terrain
 13415 | Gauntlet | Identified the +1 robe "Vica" {Drain rPois Will+}
 13711 | Lair:5   | Identified the ring of Descent {rF+++ rN+ rCorr Str+4
                  | Dex-5}
 14578 | Lair:5   | Killed from afar by a smoke demon

Illustrated notes

Levels and vault maps discovered:
D:1:      dpeg_arrival_fog, layout_basic
D:2:      layout_basic, basic_altar
D:3:      layout_loops_corners, hellmonk_ecumenical_altar_run_dry
D:4:      nicolae_cairo_tiling_large_dashed, layout_loops_corners,
          minmay_temple_entry_nine_rooms
D:5:      layout_basic
D:6:      layout_loops_ring, mainiacjoe_overflow_paths, st_stairs_3,
          grunt_decor_clamped
D:7:      layout_basic, minmay_puff
D:8:      cheibrodos_shockbox, layout_rooms, lair_entry_dummy, enter_bailey_8,
          minmay_misc_feat_rugged
D:9:      nzn_winding_woodlands_large [nzn_winding_woodlands_hourglass,
          nzn_winding_woodlands_5x15_twine, nzn_winding_woodlands_5x5_three,
          nzn_winding_woodlands_center_diamonds,
          nzn_winding_woodlands_15x15_five_gardens,
          nzn_winding_woodlands_center_garden,
          nzn_winding_woodlands_5x5_closed_star,
          nzn_winding_woodlands_5x15_split_checker,
          nzn_winding_woodlands_5x5_perimeter], layout_loops_corners,
          old_standard_altar, nzn_sisyphean_effort
Temple:   nicolae_temple_bog_church
Lair:1:   layout_small_grid, basic_altar
Lair:2:   layout_cave_pods, minmay_swamp_entry_swarm, serial_bayou_shore_a
Lair:3:   lemuel_reptile_caves, layout_gridlike,
          nicolae_spider_entry_non_spiders
Lair:4:   layout_long_grid, dpeg_slime_entry_enclosed,
          hellmonk_ghost_happy_afterlife, infiniplex_staircase_pool,
          grunt_megastairs_2, uniq_sonja
Lair:5:   hellmonk_lair_end_abyssal_woods, layout_gridlike,
          gauntlet_entry_generic

Skill      XL: |  1  2  3  4  5  6  7  8  9 10 11 12 13 |
---------------+----------------------------------------+-----
Fighting       | 2 3 4 10 12 13 | 13.3
Transmutations | 3 4 5 6 7 8 10 11 | 11.3
Unarmed Combat | 4 5 8 10 | 10.0
Spellcasting   | 3 4 |  4.0
Dodging        | 2 8 9 10 12 | 12.7
Ice Magic      | 2 |  2.0
Evocations     | 1 4 |  4.0
Stealth        | 4 |  4.4

Action                   |  1- 3 |  4- 6 |  7- 9 | 10-12 | 13-15 || total
-------------------------+-------+-------+-------+-------+-------++-------
Melee: Unarmed           |    42 |     6 |   111 |   595 |   277 ||  1031
       Tailslap          |     4 |    13 |    31 |    18 |       ||    66
       Headbutt          |     7 |     9 |    52 |    12 |       ||    80
       Kick              |     5 |    15 |    70 |    23 |       ||   113
       Dagger            |    84 |   110 |   230 |    74 |       ||   498
       Punch             |     3 |     4 |     8 |     2 |       ||    17
       Whip              |       |       |       |    29 |       ||    29
 Fire: Shortbow          |       |       |       |       |    27 ||    27
Throw: Dart              |       |    10 |    13 |     2 |     1 ||    26
 Cast: Beastly Appendage |    12 |    10 |    14 |     6 |       ||    42
       Wereblood         |     1 |       |     6 |     3 |       ||    10
       Spider Form       |       |     1 |     7 |    28 |    12 ||    48
       Ice Form          |       |       |     1 |    24 |    15 ||    40
Invok: Curse Item        |       |     1 |     2 |     2 |       ||     5
       Shatter the Chain |       |       |       |     1 |     2 ||     3
 Abil: Breathe Frost     |       |       |    11 |     4 |       ||    15
       End Transformatio |       |       |       |     1 |    10 ||    11
Evoke: Wand              |       |       |       |     2 |       ||     2
  Use: Potion            |       |       |     2 |     1 |     4 ||     7
       Scroll            |       |       |     2 |     2 |     4 ||     8
 Stab: Sleeping          |     3 |       |     1 |     2 |       ||     6
       Distracted        |       |       |       |     4 |       ||     4
Armor: Skin              |    35 |    29 |    68 |    62 |    32 ||   226
Dodge: Dodged            |    84 |    60 |   457 |   591 |   179 ||  1371
